[Event "Titled Tuesday Blitz February 22 Late 2022"]
[White "Gracia Alvarez, Gerardo Antonio"]
[Black "Kravtsiv, Martyn"]
[WhiteFideId "5109124"]
[BlackFideId "14113147"]
[WhiteElo "2139"]
[BlackElo "2694"]
[Result "1-0"]
[Round "01"]
[TimeControl "180+1"]
[Date "2022.02.22"]
[WhiteClock "0:00:06"]
[BlackClock "0:00:06"]

1. c4 e5 2. Nc3 Nf6 3. Nf3 Nc6 4. e4 g6 5. g3 Bg7 6. Bg2 O-O 7. O-O d6 8. h3 Nd7 9. d3 Nc5 10. Be3 Nd4 11. b4 Nxf3+ 12. Bxf3 Ne6 13. Bg2 Bd7 14. Qd2 Nd4 15. f4 c6 16. Kh2 Qe7 17. Rab1 Kh8 18. b5 Rab8 19. a4 f5 20. a5 Be6 21. a6 bxa6 22. bxc6 Qc7 23. Nd5 Qxc6 24. Bxd4 exd4 25. exf5 gxf5 26. Rfe1 Qd7 27. Qa5 Rxb1 28. Rxb1 Qc8 29. Nc7 Bd7 30. Nxa6 Bf6 31. Rb8 Qxb8 32. Nxb8 Rxb8 33. Qxa7 Rd8 34. Qc7 Be8 35. Bd5 Bg6 36. Be6 Ra8 37. Qxd6 Bh5 38. Bxf5 Ra2+ 39. Kg1 Ra1+ 40. Kf2 Ra2+ 41. Ke1 Kg7 42. Qd7+ Kf8 43. Qxh7 Ra1+ 44. Kd2 Bf3 45. Be4 Ra2+ 46. Kc1 Be2 47. Qf5 Kg7 48. Qd7+ Kf8 49. Bd5 Be7 50. Qc8+ Kg7 51. Qg8+ Kf6 52. Qf7# 1-0


[Site "https://www.chess.com"]

[Event "Titled Tuesday Blitz February 22 Late 2022"]
[White "Guliyev, Namig"]
[Black "Moskvin, Anatoly"]
[WhiteFideId "13400363"]
[BlackFideId "24199990"]
[WhiteElo "2487"]
[BlackElo "2079"]
[Result "1-0"]
[Round "01"]
[TimeControl "180+1"]
[Date "2022.02.23"]
[WhiteClock "0:01:10"]
[BlackClock "0:00:02"]

1. e4 e5 2. Nf3 d5 3. Nxe5 dxe4 4. d4 Bd6 5. Nc4 Nf6 6. Nc3 Nc6 7. Be2 O-O 8. g4 Bb4 9. g5 Nd5 10. Bd2 Nxd4 11. Nxd5 Bxd2+ 12. Qxd2 Qxd5 13. Ne3 Qe5 14. O-O-O Nxe2+ 15. Qxe2 Be6 16. h4 Rfd8 17. Rxd8+ Rxd8 18. Rd1 Rd6 19. Rxd6 Qxd6 20. Qb5 b6 21. Qe8+ Qf8 22. Qc6 h6 23. Qxc7 hxg5 24. hxg5 g6 25. Qxa7 Qd8 26. a4 Kg7 27. Qa6 Qd4 28. Qb5 Kg8 29. c3 Qd6 30. Qb4 Qd8 31. Qxe4 Qxg5 32. Qd4 Qg1+ 33. Nd1 Bb3 34. a5 bxa5 35. c4 a4 36. c5 Bxd1 37. Qxd1 Qxf2 38. Qd5 Qe1+ 39. Kc2 Qe2+ 40. Kb1 a3 41. bxa3 Qe1+ 42. Kb2 Qe2+ 43. Kb3 Qe3+ 44. Kb4 Qe1+ 45. Ka4 Qh4+ 46. Kb5 Qe7 47. c6 Qxa3 48. Qd8+ Kg7 49. Qd4+ Kh6 50. c7 Qb3+ 51. Kc6 Qc2+ 52. Kd6 g5 53. Qh8+ Kg6 54. c8=Q Qd3+ 55. Ke7 Qc3 1-0


[Site "https://www.chess.com"]

[Event "Titled Tuesday Blitz February 22 Late 2022"]
[White "Hakemi, Arman"]
[Black "Thomas, Anysia"]
[WhiteFideId "22520805"]
[BlackFideId "670472"]
[WhiteElo "2208"]
[BlackElo "2002"]
[Result "1-0"]
[Round "01"]
[TimeControl "180+1"]
[Date "2022.02.23"]
[WhiteClock "0:00:20"]
[BlackClock "0:00:01"]

1. e4 c5 2. Nf3 g6 3. d4 cxd4 4. Qxd4 Nf6 5. e5 Nc6 6. Qa4 Nd5 7. Qe4 Nb6 8. Nc3 Bg7 9. Bf4 O-O 10. O-O-O d5 11. exd6 Bf5 12. dxe7 Qxe7 13. Qxe7 Nxe7 14. Be5 f6 15. Bd6 Rfe8 16. Bb5 Nc6 17. Bxc6 bxc6 18. Rhe1 Bg4 19. Rxe8+ Rxe8 20. Re1 Rc8 21. Nd4 Nc4 22. Bf4 Bd7 23. Re7 Nb6 24. Ne6 Bxe6 25. Rxe6 f5 26. Bd2 Kf7 27. Re1 Bf6 28. b3 Rc7 29. Ne2 c5 30. c4 Nd7 31. Bc3 Ne5 32. Bxe5 Bxe5 33. Kc2 Re7 34. Nc1 Bxh2 35. Rxe7+ Kxe7 36. Nd3 Kd6 37. a3 a5 38. g3 g5 39. Kd2 f4 40. gxf4 Bxf4+ 41. Ke2 Bh2 42. Kf3 h5 43. Ke4 g4 44. Kf5 Bg1 45. Kg5 1-0


[Site "https://www.chess.com"]

[Event "Titled Tuesday Blitz February 22 Late 2022"]
[White "Hakobyan, Aram"]
[Black "Milosevic, Milos"]
[WhiteFideId "13306677"]
[BlackFideId "964875"]
[WhiteElo "2557"]
[BlackElo "2198"]
[Result "1-0"]
[Round "01"]
[TimeControl "180+1"]
[Date "2022.02.22"]
[WhiteClock "0:01:36"]
[BlackClock "0:00:22"]

1. e4 c6 2. d4 d5 3. e5 c5 4. c3 Nc6 5. Bb5 Bf5 6. dxc5 e6 7. Be3 Ne7 8. Nf3 Bg4 9. Nbd2 Qa5 10. a4 a6 11. b4 Qc7 12. Bxc6+ Nxc6 13. h3 Bxf3 14. Nxf3 Nxe5 15. O-O Nc4 16. Bd4 f6 17. Re1 e5 18. Bxe5 fxe5 19. Qxd5 Qf7 20. Qxf7+ Kxf7 21. Re4 Nb2 22. Nxe5+ Kf6 23. Re2 Re8 24. Ng4+ Kf7 25. Rxb2 h5 26. Ne3 g6 27. Rd2 Bg7 28. Rd7+ Re7 29. Rad1 Re8 30. Rxe7+ Rxe7 31. Rd3 Re4 32. Rd7+ Kg8 33. Rxb7 Bxc3 34. c6 Re8 35. c7 Be5 36. Nc4 Bf4 37. g3 1-0


[Site "https://www.chess.com"]

[Event "Titled Tuesday Blitz February 22 Late 2022"]
[White "Hambleton, Aman"]
[Black "Willathgamuwa, Kevin"]
[WhiteFideId "2606577"]
[BlackFideId "3214168"]
[WhiteElo "2552"]
[BlackElo "1943"]
[Result "1-0"]
[Round "01"]
[TimeControl "180+1"]
[Date "2022.02.23"]
[WhiteClock "0:00:01"]
[BlackClock "0:00:02"]

1. d4 Nf6 2. c4 e5 3. dxe5 Ng4 4. Nh3 Nxe5 5. e3 Nbc6 6. Be2 Bc5 7. Nf4 O-O 8. O-O d6 9. Nc3 Be6 10. b3 Ne7 11. Na4 Bb6 12. Bb2 N5g6 13. Nxb6 axb6 14. Bf3 Nxf4 15. exf4 d5 16. f5 Bxf5 17. Qd4 f6 18. cxd5 Qd6 19. a4 Ra5 20. Ba3 Qd7 21. Rfe1 Re8 22. Bb4 Raa8 23. Rad1 Rad8 24. h3 Nc8 25. Rxe8+ Rxe8 26. d6 c5 27. Qd5+ Be6 28. Qxb7 cxb4 29. Qa6 Bxb3 30. Rd2 Bxa4 31. Qa8 Nxd6 32. Qd5+ Qf7 33. Qxd6 1-0


[Site "https://www.chess.com"]

[Event "Titled Tuesday Blitz February 22 Late 2022"]
[White "Hasangatin, Ramil"]
[Black "Chabris, Christopher"]
[WhiteFideId "4122160"]
[BlackFideId "2005263"]
[WhiteElo "2375"]
[BlackElo "2324"]
[Result "1-0"]
[Round "01"]
[TimeControl "180+1"]
[Date "2022.02.23"]
[WhiteClock "0:01:32"]
[BlackClock "0:00:11"]

1. e4 c5 2. Nf3 d6 3. d4 cxd4 4. Qxd4 Nc6 5. Bb5 a6 6. Bxc6+ bxc6 7. e5 f6 8. exd6 Qxd6 9. Qxd6 exd6 10. O-O Bb7 11. Re1+ Kf7 12. c4 c5 13. Nc3 Ne7 14. Be3 Nf5 15. Nd2 h5 16. Rad1 h4 17. h3 g5 18. Nb3 Re8 19. Nd5 Re4 20. Na5 Bxd5 21. Rxd5 Be7 22. Rxf5 Rg8 23. f3 Re6 24. Rd5 Bd8 25. Nb3 a5 26. a4 Bc7 27. Nd2 Kg6 28. Kf2 f5 29. Kf1 Kf6 30. Bf2 Rxe1+ 31. Kxe1 Rb8 32. b3 Re8+ 33. Kd1 Re6 34. Nf1 Kg6 35. Ne3 f4 36. Nf1 Bd8 37. Nd2 Bf6 38. Ne4 Be5 39. Be1 Bd4 40. Bxa5 g4 41. Rg5+ Kh6 42. Rxg4 1-0


[Site "https://www.chess.com"]

[Event "Titled Tuesday Blitz February 22 Late 2022"]
[White "Hjartarson, Johann"]
[Black "Lock, Gavin R"]
[WhiteFideId "2300044"]
[BlackFideId "408646"]
[WhiteElo "2484"]
[BlackElo "2104"]
[Result "1-0"]
[Round "01"]
[TimeControl "180+1"]
[Date "2022.02.23"]
[WhiteClock "0:00:30"]
[BlackClock "0:00:01"]

1. e4 c5 2. Ne2 Nc6 3. g3 d5 4. d3 dxe4 5. dxe4 Qxd1+ 6. Kxd1 Bg4 7. Nd2 O-O-O 8. c3 Bf3 9. Bh3+ e6 10. Re1 Bxe4 11. Nf4 Bf5 12. Bxf5 exf5 13. Kc2 Nf6 14. Nc4 h5 15. Nd3 Ne4 16. Be3 b6 17. a4 Be7 18. a5 Kb7 19. Nde5 Nxe5 20. Nxe5 Rhf8 21. a6+ Kc7 22. f3 Nf6 23. Bf4 Nd5 24. Nxf7+ Nxf4 25. Nxd8 Bxd8 26. gxf4 Bf6 27. Rad1 h4 28. h3 Kc6 29. Re6+ Kb5 30. Rd5 Kxa6 31. Rxf5 1-0


[Site "https://www.chess.com"]

[Event "Titled Tuesday Blitz February 22 Late 2022"]
[White "Jacobson, Brandon"]
[Black "Vusatiuk, Vladimir"]
[WhiteFideId "30901561"]
[BlackFideId "14118610"]
[WhiteElo "2362"]
[BlackElo "2157"]
[Result "0-1"]
[Round "01"]
[TimeControl "180+1"]
[Date "2022.02.22"]
[WhiteClock "0:00:04"]
[BlackClock "0:00:04"]

1. Nf3 Nf6 2. c4 e6 3. Nc3 d5 4. d4 Be7 5. Bf4 O-O 6. a3 a6 7. e3 dxc4 8. Bxc4 b5 9. Be2 Bb7 10. O-O Nbd7 11. b4 c6 12. Qb3 a5 13. Nd2 Nb6 14. bxa5 Rxa5 15. Bg3 Nfd5 16. Nxd5 exd5 17. Rfc1 Ra4 18. Nb1 Qa8 19. f3 Nc4 20. e4 dxe4 21. fxe4 Nxa3 22. Nc3 Rxd4 23. Bf2 Rd7 24. Bg4 Rd3 25. Be2 Rd2 26. Be3 Rd7 27. Nb1 b4 28. Bc4 c5 29. Nxa3 bxa3 30. Rxa3 Qc8 31. Rf1 Bf6 32. Rxf6 gxf6 33. Bh6 Bxe4 34. Qb6 Rd1+ 35. Kf2 Qf5+ 36. Ke3 Rfd8 37. Ra7 Re1+ 38. Be2 Rd3# 0-1


[Site "https://www.chess.com"]

[Event "Titled Tuesday Blitz February 22 Late 2022"]
[White "Jaferian, Koosha"]
[Black "Van den Dikkenberg, Erik"]
[WhiteFideId "12507440"]
[BlackFideId "1005880"]
[WhiteElo "2027"]
[BlackElo "2118"]
[Result "0-1"]
[Round "01"]
[TimeControl "180+1"]
[Date "2022.02.23"]
[WhiteClock "0:02:09"]
[BlackClock "0:01:34"]

1. Nf3 Nf6 2. b3 g6 3. Bb2 Bg7 4. g3 O-O 5. d4 d6 6. Bg2 c6 7. O-O Bg4 8. c4 Nbd7 9. Nc3 e5 10. e3 e4 11. Nxe4 Nxe4 12. Qc2 Nef6 13. h3 Bxf3 14. Bxf3 Rc8 15. Rfd1 Re8 16. Rac1 d5 17. Qe2 Ne4 18. Bg2 Ndf6 19. Qe1 Qd7 20. Qb4 b6 21. Qe1 Qf5 22. Qe2 h5 23. Kh2 h4 24. Bf3 hxg3+ 25. fxg3 Nh5 26. g4 Qg5 27. Bxe4 Rxe4 28. gxh5 Rxe3 29. Qf2 Rce8 30. Rg1 Qxh5 31. Rce1 Re2 0-1


[Site "https://www.chess.com"]

[Event "Titled Tuesday Blitz February 22 Late 2022"]
[White "Janaszak, Dawid"]
[Black "Naroditsky, Daniel"]
[WhiteFideId "1119206"]
[BlackFideId "2026961"]
[WhiteElo "2199"]
[BlackElo "2608"]
[Result "0-1"]
[Round "01"]
[TimeControl "180+1"]
[Date "2022.02.22"]
[WhiteClock "0:00:05"]
[BlackClock "0:00:06"]

1. e4 e5 2. Ne2 Nf6 3. f4 exf4 4. Nxf4 Nc6 5. Nc3 Bc5 6. e5 Qe7 7. d4 Bxd4 8. Be2 Qxe5 9. Nd3 Bxc3+ 10. bxc3 Qxc3+ 11. Bd2 Qd4 12. c3 Qh4+ 13. g3 Qe4 14. O-O O-O 15. Rxf6 gxf6 16. Nf4 Ne5 17. c4 d6 18. Nd5 Qd4+ 19. Kg2 Be6 20. Nxf6+ Kh8 21. Qc2 Kg7 22. Qxh7+ Kxf6 23. Bg5+ Kxg5 24. Rf1 Bh3+ 25. Kxh3 f5 26. Qh5+ Kf6 27. Rxf5+ Ke7 28. Qg5+ Kd7 29. Qg7+ Kc6 30. Rxf8 Rxf8 31. Qxf8 Qe4 32. Qe8+ Kc5 33. Qb5+ Kd4 34. Qb2+ Ke3 35. Bd1 Qh7+ 36. Kg2 Qe4+ 37. Kh3 Nxc4 38. Qc3+ Qd3 39. Qe1+ Kd4 40. Be2 Qh7+ 41. Kg2 Qe4+ 42. Kh3 Qf5+ 43. g4 Qh7+ 44. Kg3 Qe4 45. Qa1+ Kc5 46. Bf3 Qe3 47. Qg7 Qe5+ 48. Qxe5+ Nxe5 49. h4 Nxf3 50. Kxf3 Kd5 51. h5 Ke6 52. h6 Kf6 53. g5+ Kg6 54. Ke4 c5 55. a4 c4 56. Kd4 d5 57. a5 b5 58. axb6 axb6 59. Kc3 b5 60. Kd4 b4 61. Ke3 b3 62. Kd2 d4 63. Kc1 c3 64. Kd1 d3 65. Kc1 d2+ 66. Kd1 b2 0-1


[Site "https://www.chess.com"]

[Event "Titled Tuesday Blitz February 22 Late 2022"]
[White "Jessel, Stephen"]
[Black "Steenbekkers, Franck"]
[WhiteFideId "628859"]
[BlackFideId "1004220"]
[WhiteElo "2268"]
[BlackElo "2141"]
[Result "0-1"]
[Round "01"]
[TimeControl "180+1"]
[Date "2022.02.23"]
[WhiteClock "0:00:31"]
[BlackClock "0:01:22"]

1. Nf3 Nf6 2. c4 g6 3. b4 Bg7 4. Bb2 a5 5. b5 d6 6. g3 e5 7. Bg2 c6 8. a4 O-O 9. O-O e4 10. Nd4 d5 11. cxd5 cxd5 12. d3 Re8 13. dxe4 Nxe4 14. e3 Nd7 15. Qc2 Nb6 16. Na3 Bd7 17. Rfc1 Rc8 18. Qd1 Qe7 19. Rab1 Nc4 20. Nxc4 Rxc4 21. Ne2 Nxf2 22. Kxf2 Qxe3+ 23. Kf1 Bg4 0-1


[Site "https://www.chess.com"]

[Event "Titled Tuesday Blitz February 22 Late 2022"]
[White "Jimenez Almeida, Luis David"]
[Black "Vlassov, Nikolai"]
[WhiteFideId "22242244"]
[BlackFideId "4103360"]
[WhiteElo "2092"]
[BlackElo "2407"]
[Result "1-0"]
[Round "01"]
[TimeControl "180+1"]
[Date "2022.02.23"]
[WhiteClock "0:00:52"]
[BlackClock "0:01:20"]

1. d4 Nf6 2. Nf3 e6 3. Bg5 h6 4. Bh4 c5 5. e3 b6 6. Nbd2 Bb7 7. Bd3 g5 8. Bg3 g4 9. Nh4 h5 10. h3 Be7 11. Qe2 cxd4 12. exd4 Nc6 13. c3 Rc8 14. Nc4 Kf8 15. Nd6 Rb8 16. hxg4 hxg4 17. Ng6+ fxg6 18. Rxh8+ Ng8 19. Qxg4 Bf6 20. Qxg6 1-0


[Site "https://www.chess.com"]

[Event "Titled Tuesday Blitz February 22 Late 2022"]
[White "Karas, Marek"]
[Black "Gupta, Abhijeet"]
[WhiteFideId "14928558"]
[BlackFideId "5010608"]
[WhiteElo "2270"]
[BlackElo "2549"]
[Result "0-1"]
[Round "01"]
[TimeControl "180+1"]
[Date "2022.02.22"]
[WhiteClock "0:00:07"]
[BlackClock "0:01:10"]

1. d4 Nf6 2. Nf3 g6 3. Bg5 Bg7 4. Nbd2 O-O 5. e3 b6 6. Bd3 Bb7 7. O-O c5 8. c3 d6 9. a4 a6 10. Qe2 Nbd7 11. Rfe1 h6 12. Bh4 Nh5 13. Bg3 Qc7 14. Nc4 b5 15. axb5 axb5 16. Ncd2 c4 17. Bc2 Nb6 18. e4 e5 19. Nf1 Rfe8 20. d5 Nd7 21. Rec1 Nc5 22. Ne3 Qb6 23. Qd1 Reb8 24. Rxa8 Rxa8 25. Ra1 Ra5 26. Rxa5 Qxa5 27. Nd2 Ba6 28. Nb1 Nxg3 29. hxg3 h5 30. Na3 Bh6 31. Qd2 Bc8 32. Qe2 Bd7 33. Nd1 Bc1 34. Bb1 Bg4 35. f3 Bd7 36. Nc2 Nb3 37. Nb4 Qa1 38. Qc2 Bh6 39. Kh2 Nd2 40. Ba2 Nf1+ 41. Kg1 Nxg3 42. Kf2 h4 43. Qb1 Qxb1 44. Bxb1 Kf8 45. Ne3 Ke7 46. Bc2 f5 47. Nf1 Nxf1 48. Kxf1 Bc1 49. b3 cxb3 50. Bxb3 Bb2 51. Na2 Kf6 52. Ke2 Kg5 53. Bc2 Kf4 54. Kf2 fxe4 55. Bxe4 g5 56. Bd3 g4 57. fxg4 e4 58. Be2 e3+ 59. Kf1 Be8 60. Ke1 Kg3 61. Kf1 Kf4 62. Ke1 Bd7 63. Kf1 Bxg4 64. Bxb5 Bd1 65. Be2 Bb3 66. Nb4 Bxc3 67. Nd3+ Kg3 68. Bf3 h3 69. Ke2 h2 0-1


[Site "https://www.chess.com"]

[Event "Titled Tuesday Blitz February 22 Late 2022"]
[White "Khanin, Semen"]
[Black "Zong, Davis"]
[WhiteFideId "4111990"]
[BlackFideId "30903955"]
[WhiteElo "2442"]
[BlackElo "2061"]
[Result "1-0"]
[Round "01"]
[TimeControl "180+1"]
[Date "2022.02.23"]
[WhiteClock "0:01:21"]
[BlackClock "0:00:04"]

1. e4 e5 2. Nf3 Nc6 3. Bb5 a6 4. Ba4 Nf6 5. O-O Be7 6. Re1 b5 7. Bb3 O-O 8. a4 Rb8 9. axb5 axb5 10. d3 d6 11. Nc3 Bg4 12. Be3 Nd4 13. Bxd4 exd4 14. Nd5 Nxd5 15. Bxd5 Bf6 16. h3 Be6 17. Bxe6 fxe6 18. e5 Bxe5 19. Nxe5 dxe5 20. Qe2 Qh4 21. Ra6 Rf6 22. f3 Qg3 23. Qxe5 Rxf3 24. Qxg3 Rxg3 25. Raxe6 Rg6 26. Rxg6 hxg6 27. Re6 Ra8 28. Rc6 Ra7 29. Kf2 Kf7 30. Kf3 Rb7 31. Ke4 Ra7 32. Kxd4 Ra1 33. Rxc7+ Kf6 34. c4 bxc4 35. dxc4 Rb1 36. Rb7 Rg1 37. b4 Rxg2 38. b5 Rg3 39. b6 Rxh3 40. c5 Rh4+ 41. Kd5 Rh5+ 42. Kd6 Rh1 43. Rb8 Rd1+ 44. Kc7 g5 45. b7 g4 46. Rf8+ Ke7 1-0


[Site "https://www.chess.com"]

[Event "Titled Tuesday Blitz February 22 Late 2022"]
[White "Kirillov, Dmitry"]
[Black "Rorrer, Grayson"]
[WhiteFideId "34180572"]
[BlackFideId "30944996"]
[WhiteElo "2076"]
[BlackElo "2122"]
[Result "0-1"]
[Round "01"]
[TimeControl "180+1"]
[Date "2022.02.23"]
[WhiteClock "0:00:22"]
[BlackClock "0:01:35"]

1. d4 Nf6 2. c4 e6 3. Nf3 Bb4+ 4. Bd2 a5 5. g3 d6 6. Bg2 Nbd7 7. O-O e5 8. Be3 O-O 9. Qc2 c6 10. a3 exd4 11. Bxd4 Bc5 12. Nc3 Bxd4 13. Nxd4 Nb6 14. b3 a4 15. Nxa4 Nxa4 16. bxa4 Qa5 17. Rfd1 Qxa4 18. Nb3 Rd8 19. c5 Be6 20. Rab1 dxc5 21. Rxd8+ Rxd8 22. Qxc5 Qxb3 23. Rxb3 Rd1+ 24. Bf1 Bh3 0-1


[Site "https://www.chess.com"]

[Event "Titled Tuesday Blitz February 22 Late 2022"]
[White "Klukin, Kirill"]
[Black "Todorovic, Bojan"]
[WhiteFideId "24199273"]
[BlackFideId "917087"]
[WhiteElo "2324"]
[BlackElo "2266"]
[Result "1-0"]
[Round "01"]
[TimeControl "180+1"]
[Date "2022.02.23"]
[WhiteClock "0:02:00"]
[BlackClock "0:00:45"]

1. d4 Nf6 2. Nf3 g6 3. e3 Bg7 4. Be2 O-O 5. O-O b6 6. b3 Bb7 7. Bb2 e6 8. c4 c5 9. Nc3 Nc6 10. dxc5 bxc5 11. Nb5 d5 12. cxd5 exd5 13. Rc1 Ne4 14. Bxg7 Kxg7 15. Bd3 a6 16. Nc3 Nxc3 17. Rxc3 Qe7 18. Qd2 Rac8 19. Rfc1 Nb4 20. Be2 c4 21. bxc4 dxc4 22. Rxc4 Rfd8 23. Qb2+ Kg8 24. Rxc8 Bxc8 25. Nd4 Nd5 26. Nc6 1-0


[Site "https://www.chess.com"]

[Event "Titled Tuesday Blitz February 22 Late 2022"]
[White "Kobalia, Mikhail"]
[Black "Hamley, Ryan"]
[WhiteFideId "4119150"]
[BlackFideId "30959497"]
[WhiteElo "2667"]
[BlackElo "2467"]
[Result "1-0"]
[Round "01"]
[TimeControl "180+1"]
[Date "2022.02.22"]
[WhiteClock "0:00:04"]
[BlackClock "0:00:03"]

1. e4 e5 2. Nf3 Nc6 3. Bb5 Nf6 4. d3 Bc5 5. c3 d6 6. Bg5 h6 7. Bh4 g5 8. Bg3 Bd7 9. Nbd2 a6 10. Ba4 Ba7 11. h4 g4 12. Nh2 Nh5 13. Qe2 Qe7 14. Nxg4 Nxg3 15. fxg3 O-O-O 16. Ne3 Rdg8 17. Nd5 Qe6 18. Qf3 Rg7 19. Nf6 Rg6 20. Rf1 Rf8 21. O-O-O Kb8 22. Bb3 Qe7 23. Kb1 Bc8 24. Rde1 Bc5 25. Bd5 Nd8 26. Nb3 Bb6 27. Nc1 Ne6 28. Ne2 Nc5 29. Bc4 Ka7 30. a3 c6 31. b4 Nd7 32. Nh7 Rh8 33. Qxf7 Rg7 34. Qxe7 Rxe7 35. Nf6 Rg7 36. Nxd7 Bxd7 37. Rf6 Bc7 38. Be6 Bd8 39. Rf7 Rxf7 40. Bxf7 Rf8 41. Bh5 Kb8 42. Kc2 Bb6 43. Bf3 Rg8 44. Rf1 Kc7 45. Kd2 Be6 46. d4 Kd7 47. d5 cxd5 48. exd5 Bf5 49. c4 Bd8 50. Nc3 a5 51. Ne4 Bxe4 52. Bxe4 Rxg3 53. Rf7+ Be7 54. Bf5+ Ke8 55. Rh7 Rxg2+ 56. Ke3 Rg3+ 57. Ke4 Rxa3 58. bxa5 Rxa5 59. Be6 Kd8 60. Rh8+ Kc7 61. Rh7 Kd8 62. Rxh6 Ra4 63. Rh8+ Kc7 64. Rh7 Kd8 65. Kf5 Rxc4 66. Rh8+ Kc7 67. h5 Rd4 68. h6 Rf4+ 69. Kg6 Rf6+ 70. Kg7 e4 71. Re8 Bd8 72. Rxd8 Kxd8 73. Kxf6 e3 74. Bg4 1-0


[Site "https://www.chess.com"]

[Event "Titled Tuesday Blitz February 22 Late 2022"]
[White "Kohler, Aran"]
[Black "Papp, Levente"]
[WhiteFideId "1002856"]
[BlackFideId "751243"]
[WhiteElo "2241"]
[BlackElo "2308"]
[Result "1-0"]
[Round "01"]
[TimeControl "180+1"]
[Date "2022.02.23"]
[WhiteClock "0:00:34"]
[BlackClock "0:00:09"]

1. d4 Nf6 2. Bg5 e6 3. Nd2 h6 4. Bh4 d5 5. e3 Bd6 6. c3 O-O 7. f4 c5 8. Nh3 b6 9. Bd3 Ba6 10. Bxa6 Nxa6 11. Qe2 Nc7 12. O-O Be7 13. Bxf6 Bxf6 14. Nf3 Qc8 15. Ne5 Qa6 16. Qxa6 Nxa6 17. Nd7 Rfd8 18. Nxf6+ gxf6 19. Rae1 f5 20. Nf2 Kg7 21. Nd3 Rac8 22. Rf3 f6 23. Rg3+ Kh7 24. Rf1 c4 25. Ne1 b5 26. a3 Rg8 27. Rxg8 Rxg8 28. Rf3 Nb8 29. Nc2 a5 30. Rf1 Nc6 31. Ra1 Rb8 32. h3 Kg6 33. Kh2 e5 34. Kg3 exf4+ 35. exf4 b4 36. axb4 axb4 37. Ne3 b3 38. Nxd5 Re8 39. Ra6 Nd8 40. Rxf6+ Kg7 41. Kf2 Nf7 42. Rxf5 Nd6 43. Re5 Ra8 44. Re6 Nb5 45. Rc6 Ra2 46. Rxc4 Rxb2+ 47. Kf3 Na3 48. Rb4 Nc2 49. Rb7+ Kf8 50. Nf6 Na1 51. d5 Rc2 52. d6 Rxc3+ 53. Kg4 Rc6 54. Kf5 Rxd6 55. Kg6 Rxf6+ 56. Kxf6 Ke8 57. Kg6 Kd8 58. f5 Kc8 59. Rb4 Kc7 60. f6 Kc6 61. f7 Kc5 62. Rxb3 Nxb3 63. f8=Q+ Kd5 64. Qxh6 Nd4 65. Qg5+ 1-0


[Site "https://www.chess.com"]

[Event "Titled Tuesday Blitz February 22 Late 2022"]
[White "Kopczynski, Michal"]
[Black "Sjugirov, Sanan"]
[WhiteFideId "1124200"]
[BlackFideId "4189302"]
[WhiteElo "2235"]
[BlackElo "2602"]
[Result "0-1"]
[Round "01"]
[TimeControl "180+1"]
[Date "2022.02.22"]
[WhiteClock "0:00:04"]
[BlackClock "0:00:24"]

1. e4 c5 2. d4 cxd4 3. c3 d5 4. exd5 Qxd5 5. cxd4 Nc6 6. Nf3 e5 7. Nc3 Bb4 8. Be2 e4 9. Nd2 Qxd4 10. O-O Nf6 11. Qc2 O-O 12. Ndxe4 Nxe4 13. Nxe4 Bf5 14. Bf3 Rfe8 15. a3 Bf8 16. Re1 Qe5 17. Bg5 Bxe4 18. Bxe4 Qxg5 19. Bxh7+ Kh8 20. Be4 Re6 21. Bd5 Qxd5 22. Rad1 Rxe1+ 23. Rxe1 Kg8 24. g3 Rd8 25. b4 Nd4 26. Qe4 Nf3+ 27. Kg2 Nxe1+ 0-1


[Site "https://www.chess.com"]

[Event "Titled Tuesday Blitz February 22 Late 2022"]
[White "Koutlas, Nikolaos"]
[Black "Zakhartsov, Vladimir"]
[WhiteFideId "25827138"]
[BlackFideId "4145097"]
[WhiteElo "1610"]
[BlackElo "2432"]
[Result "0-1"]
[Round "01"]
[TimeControl "180+1"]
[Date "2022.02.23"]
[WhiteClock "0:00:05"]
[BlackClock "0:01:29"]

1. Nf3 d5 2. c4 d4 3. g3 Nc6 4. Bg2 a5 5. e3 e5 6. exd4 exd4 7. O-O Nf6 8. Re1+ Be7 9. d3 O-O 10. Ne5 Nxe5 11. Rxe5 c6 12. Nd2 h6 13. h3 Bd6 14. Re1 Bf5 15. Nf3 Bh7 16. Nh2 Nd7 17. Be4 Bxe4 18. Rxe4 Qc7 19. Rxd4 Bc5 20. Rg4 Nf6 21. Bxh6 Nxg4 22. Qxg4 f5 23. Bf4 fxg4 24. Bxc7 Rxf2 25. Nxg4 Rf7+ 26. d4 Bxd4+ 27. Kg2 Rxc7 0-1


[Site "https://www.chess.com"]

[Event "Titled Tuesday Blitz February 22 Late 2022"]
[White "Kovanova, Baira"]
[Black "Vidit, Santosh Gujrathi"]
[WhiteFideId "4164083"]
[BlackFideId "5029465"]
[WhiteElo "2190"]
[BlackElo "2654"]
[Result "0-1"]
[Round "01"]
[TimeControl "180+1"]
[Date "2022.02.22"]
[WhiteClock "0:00:05"]
[BlackClock "0:00:17"]

1. e4 e5 2. Nf3 Nc6 3. Bb5 a6 4. Ba4 Nf6 5. O-O Be7 6. d3 b5 7. Bb3 d6 8. c3 O-O 9. Nbd2 Na5 10. Bc2 c5 11. Re1 Qc7 12. Nf1 Re8 13. h3 Nc6 14. Ng3 h6 15. Be3 d5 16. d4 cxd4 17. cxd4 dxe4 18. Nxe4 exd4 19. Nxd4 Bb7 20. Rc1 Rad8 21. Qd3 g6 22. Bb3 Kg7 23. Qc3 Rc8 24. Nxc6 Qxc6 25. Qxc6 Bxc6 26. Nc5 a5 27. Bd4 a4 28. Bc2 Bxc5 29. Bxc5 Rxe1+ 30. Rxe1 Bd5 31. Bd4 Rxc2 32. Re7 g5 33. Rd7 Bxa2 34. Rd6 Be6 35. f4 gxf4 36. Rb6 Kg6 37. Rxb5 Ne4 38. Rb6 Ng3 39. Be5 Rc1+ 40. Kf2 Rf1# 0-1


[Site "https://www.chess.com"]

[Event "Titled Tuesday Blitz February 22 Late 2022"]
[White "Kozak, Adam"]
[Black "Tomiello, Mateus Costamilan"]
[WhiteFideId "753246"]
[BlackFideId "22701958"]
[WhiteElo "2459"]
[BlackElo "1975"]
[Result "1-0"]
[Round "01"]
[TimeControl "180+1"]
[Date "2022.02.23"]
[WhiteClock "0:00:23"]
[BlackClock "0:00:05"]

1. Nf3 Nf6 2. c4 c6 3. e3 d5 4. Nc3 Bg4 5. cxd5 cxd5 6. Qb3 Bc8 7. d4 Nc6 8. Bd3 e6 9. O-O Bd6 10. Bd2 O-O 11. Rac1 Na5 12. Qc2 Bd7 13. e4 dxe4 14. Nxe4 Nxe4 15. Bxe4 h6 16. Rfe1 Rc8 17. Bc3 Bc6 18. Rcd1 Bxe4 19. Qxe4 Nc4 20. d5 e5 21. b3 f5 22. Qe2 e4 23. bxc4 exf3 24. Qxf3 Rxc4 25. h3 Qc7 26. Ba1 Rf4 27. Qd3 Rc4 28. Re6 b5 29. Rg6 Be5 30. d6 Qc5 31. Bxe5 Qxe5 32. d7 Rd8 33. Rd6 Re4 34. g3 Re1+ 35. Rxe1 Qxe1+ 36. Kg2 Qe4+ 37. Qxe4 fxe4 38. Rd5 Kf7 39. Rxb5 Rxd7 40. Rb4 Re7 41. Kf1 Kf6 42. Ke2 Ke5 43. Ke3 Rd7 44. Rxe4+ Kf5 45. Rd4 Rc7 46. Ra4 Re7+ 47. Kf3 Rb7 48. Ra5+ Ke6 49. Kg4 g6 50. f4 Kf6 51. Kh4 h5 52. Ra6+ Kf7 53. Kg5 Rb5+ 54. Kh6 Rb6 55. Rxa7+ Kf6 56. Rg7 Kf5 57. Rf7+ Ke6 58. Kxg6 h4 59. g4 1-0


[Site "https://www.chess.com"]

[Event "Titled Tuesday Blitz February 22 Late 2022"]
[White "Kukhmazov, Arsen"]
[Black "Debray, Christopher"]
[WhiteFideId "24108260"]
[BlackFideId "630810"]
[WhiteElo "2487"]
[BlackElo "2369"]
[Result "1-0"]
[Round "01"]
[TimeControl "180+1"]
[Date "2022.02.23"]
[WhiteClock "0:01:12"]
[BlackClock "0:00:02"]

1. b3 g6 2. Bb2 Nf6 3. g3 Bg7 4. Bg2 O-O 5. c4 d6 6. Nf3 e5 7. d3 Nc6 8. O-O Re8 9. Nc3 Bf5 10. Ne1 Qd7 11. Nc2 Bh3 12. e3 Rad8 13. b4 Bxg2 14. Kxg2 a6 15. e4 Nd4 16. Nxd4 exd4 17. Nd5 c6 18. Nb6 Qc7 19. Bxd4 d5 20. cxd5 cxd5 21. Rc1 Qe7 22. Bxf6 Bxf6 23. Nxd5 Rxd5 24. exd5 Qxb4 25. Qb3 Qd4 26. Qc4 Qb6 27. Rb1 Qa7 28. d6 b5 29. Qc6 Rd8 30. Rfe1 Kg7 31. Re8 Rxe8 32. Qxe8 Qd4 33. Qc6 Qxd3 34. Re1 a5 35. d7 b4 36. Re8 a4 37. Qxf6+ Kxf6 38. d8=Q+ Qxd8 39. Rxd8 Ke5 40. Rb8 1-0


[Site "https://www.chess.com"]